 Dungeon Crawl Stone Soup version 0.24.1-8-ga250c9d538 (webtiles) character file.

Game seed: 5913599605501400862, levelgen mode: deterministic

5998 Peloso the Carver (level 10, -1/77 HPs)
             Began as a Demonspawn Fighter on May 1, 2020.
             Was an Elder of Okawaru.
             Killed by divine providence
             ... invoked by an orc priest
              (13 damage)
             ... on level 10 of the Dungeon.
             The game lasted 00:22:43 (9432 turns).

Peloso the Carver (Demonspawn Fighter)              Turns: 9432, Time: 00:22:44

Health: -1/77      AC: 32    Str: 19    XL:     10   Next: 55%
Magic:  10/10      EV:  4    Int:  9    God:    Okawaru [****..]
Gold:   307        SH: 11    Dex: 17    Spells: 9/9 levels left

rFire    . . .     SeeInvis .   a - +3 scimitar of Karma {flame, Dex+3}
rCold    . . .     Gourm    .   c - +0 shield
rNeg     . . .     Faith    .   A - +0 plate armour
rPois    .         Spirit   .   (no helmet)
rElec    .         Reflect  .   v - +0 cloak
rCorr    .         Harm     .   l - +0 pair of gloves
MR       .....                  (no boots)
Stlth    ..........             k - amulet of magic regeneration
HPRegen  0.22/turn              e - +5 ring of protection
MPRegen  0.37/turn              E - -2 ring of evasion (curse)

@: lethally poisoned (-1 -> -3), sanguine armour
A: claws 2, nightstalker 1, powered by death 1, sanguine armour 3
a: Heroism, Renounce Religion


You were on level 10 of the Dungeon.
You worshipped Okawaru.
Okawaru was greatly pleased with you.
You were not hungry.

You visited 2 branches of the dungeon, and saw 11 of its levels.
You also visited: Sewer.

You collected 568 gold pieces.
You spent 261 gold pieces at shops.

Inventory:

Hand Weapons
 a - the +3 scimitar of Karma (weapon) {flame, Dex+3}
   (You bought it in a shop on level 8 of the Dungeon)

   It has been specially enchanted to burn those struck by it, causing extra
   injury to most foes and up to half again as much damage against particularly
   susceptible opponents.
   Big, fiery blades are also staple armaments of hydra-hunters.
   It affects your dexterity (+3).
 b - the +4 trident of the Aged Eyes {pain, rPois rF+ Str+3 Stlth-}
   (You found it on level 4 of the Dungeon)

   In the hands of one skilled in necromantic magic, it inflicts extra damage on
   living creatures.
   It affects your strength (+3).
   It protects you from fire.
   It protects you from poison.
   It makes you less stealthy.
Armour
 c - a +0 shield (worn)
 l - a +0 pair of gloves (worn)
 v - a +0 cloak (worn)
 A - a +0 plate armour (worn)
 B - a +0 chain mail
Jewellery
 e - a +5 ring of protection (left hand)
 k - an amulet of magic regeneration (around neck)
 E - a cursed -2 ring of evasion (right hand)
Wands
 r - a wand of random effects (34)
 t - a wand of polymorph (8)
 w - a wand of scattershot (5)
Scrolls
 h - 8 scrolls of teleportation
 i - 4 scrolls of amnesia
 m - 2 scrolls of remove curse
 o - 3 scrolls of fog
 p - 3 scrolls of blinking
 x - a scroll of noise
 y - a scroll of magic mapping
 C - a scroll of enchant armour {unknown}
Potions
 d - 4 potions of might
 g - 7 potions of heal wounds
 j - 4 potions of agility
 n - 5 potions of curing
 q - 5 potions of brilliance
 s - 5 potions of flight
 u - 2 potions of cancellation
 z - a potion of magic
 D - 2 potions of haste
Comestibles
 f - 14 rations
 F - a chunk of flesh


   Skills:
 + Level 6.6 Fighting
 + Level 9.3 Long Blades
   Level 0.1(0.8) Axes
 + Level 1.3 Polearms
 + Level 6.4 Armour
 + Level 3.7 Dodging
 + Level 1.0 Stealth
 + Level 7.4 Shields
 + Level 1.1 Invocations


You had 9 spell levels left.
You didn't know any spells.
Your spell library contained the following spells:

 Spells                   Type           Power        Failure   Level  Hunger
 Corona                   Hex            #......      100%        1    ##.....
 Ensorcelled Hibernation  Hex/Ice        #.....       100%        2    ###....
 Confuse                  Hex            #.......     100%        3    ####...
 Dazzling Spray           Conj/Hex       #.....       100%        3    ####...
 Tukima's Dance           Hex            #.......     100%        3    ####...


Dungeon Overview and Level Annotations

Branches:
Dungeon (10/15)            Temple (1/1) D:6           Sewer (visited)
   Lair: D:8-11         Orc: D:9-12

Altars:
Ashenzari
Cheibriados
Dithmenos
Elyvilon
Fedhas
Gozag
Hepliaklqana
Kikubaaqudgha
Makhleb
Nemelex Xobeh
Okawaru
Qazlal
Ru
Sif Muna
Trog
Uskayaw
Vehumet
Wu Jian
Xom
Yredelemnul
Zin
The Shining One

Shops:
D:8 *


Innate Abilities, Weirdness & Mutations

You have very sharp fingernails.
You are slightly more attuned to the shadows.
You regenerate a little health from kills.
When seriously injured, your bleeding wounds create very thick armour. (AC +12)


Message History

* * * LOW HITPOINT WARNING * * *
You feel very sick. You block something's attack.
You block the orc priest's attack.
The orc warrior hits you but does no damage.
You block the orc's attack.
Okay, then.
You feel better. You block something's attack.
The orc priest miscasts a cantrip.
Something hits you but does no damage.
You are poisoned.
You feel sick.
You feel sick.
You feel like a meek peon again.
You feel sick.
The orc warrior hits you but does no damage.
You feel sick.
There is a stone staircase leading up here.
The orc priest mumbles some strange prayers to Beogh against you.
Beogh smites you!
You die...

#########################
..........................
#####..................>..
#...รท.......@.........
#...........o.........
#####.....................
.............)....o.[.....
.........####.....o....##
.#######)# #...###o######
.# #.# #...###oO# .##
.#######.# #...##..###...
.........####...##o#O.#.#


You could see an orc warrior, an ogre, an orc priest and 3 orcs.

Vanquished Creatures
  2 hippogriffs
  A vampire (D:9)
  3 hogs (D:8)
  4 yaks
  A wyvern (D:10)
  A human (D:8)
  A hungry ghost (D:8)
  A water moccasin (D:9)
  5 ice beasts
  4 orc warriors
  4 sky beasts
  A necrophage (D:7)
  2 ogres
  2 centaurs (D:9)
  A wolf (D:9)
  A phantom (D:10)
  4 big kobolds
  4 bullfrogs
  4 scorpions
  3 killer bees (D:8)
  2 howler monkeys
  4 crimson imps
  3 bullfrog skeletons
  3 jellies
  3 hounds
  3 orc priests
  3 iguanas
  Crazy Yiuf (D:5)
  4 worker ants
  3 orc wizards
  A centaur simulacrum (D:9)
  A hound zombie (D:7)
  A worker ant zombie (D:7)
  17 adders
  A howler monkey skeleton (D:6)
  9 river rats (Sewer)
  2 shadow imps
  A white imp (D:9)
  A worker ant simulacrum (D:9)
  An ufetubus (D:9)
  2 oozes
  An adder zombie (D:7)
  An adder skeleton (D:4)
  2 worms (D:3)
  3 dart slugs
  An adder simulacrum (D:9)
  3 leopard geckos
  27 orcs
  3 giant cockroaches
  6 goblins
  5 hobgoblins (D:3)
  11 jackals
  20 kobolds
  3 quokkas
  8 ball pythons
  4 bats
  5 frilled lizards
  A leopard gecko skeleton (D:5)
  A leopard gecko zombie (D:5)
  3 quokka skeletons
  A quokka zombie (D:5)
  19 rats
243 creatures vanquished.

Notes
Turn   | Place    | Note
-------+----------+-------------------------------------------
     0 | D:1      | Peloso the Demonspawn Fighter began the quest for the Orb.
     0 | D:1      | Reached XP level 1. HP: 18/18 MP: 1/1
   108 | D:1      | Gained mutation: When seriously injured, your bleeding
                  | wounds create armour. (AC +12) [demonic ancestry]
   108 | D:1      | Reached XP level 2. HP: 9/24 MP: 2/2
   484 | D:1      | Reached skill level 2 in Long Blades
   829 | D:2      | Gained mutation: You have sharp fingernails. [demonic
                  | ancestry]
   829 | D:2      | Reached XP level 3. HP: 29/29 MP: 3/3
   970 | D:2      | Found a radiant altar of Vehumet.
  1412 | D:3      | Found a shimmering blue altar of Sif Muna.
  1679 | D:3      | Found a burning altar of Makhleb.
  1960 | D:4      | Reached XP level 4. HP: 35/35 MP: 4/4
  2012 | D:4      | Reached skill level 1 in Dodging
  2359 | D:4      | Gained mutation: When seriously injured, your bleeding
                  | wounds create thick armour. (AC +12) [demonic ancestry]
  2359 | D:4      | Reached XP level 5. HP: 36/41 MP: 5/5
  2468 | D:4      | Got a translucent trident
  2471 | D:4      | Identified the +4 trident of the Aged Eyes {pain, rPois rF+
                  | Str+3 Stlth-} (You found it on level 4 of the Dungeon)
  2528 | D:4      | Noticed an ogre
  2539 | D:4      | Killed an ogre
  2539 | D:4      | Reached skill level 3 in Long Blades
  2711 | D:4      | Reached XP level 6. HP: 44/48 MP: 6/6
  2750 | D:4      | Found a bloodstained altar of Trog.
  2829 | D:4      | Reached skill level 1 in Polearms
  3184 | D:5      | Entered Level 5 of the Dungeon
  3184 | D:5      | Found a glowing drain.
  3353 | Sewer    | Entered a sewer
  4047 | Sewer    | Gained mutation: You regenerate a little health from kills.
                  | [demonic ancestry]
  4047 | Sewer    | Reached XP level 7. HP: 31/53 MP: 7/7
  4226 | Sewer    | Reached skill level 4 in Long Blades
  4440 | D:5      | Found a faded altar of an unknown god.
  4440 | D:5      | Found a shattered altar of Ashenzari.
  4675 | D:5      | Found a shadowy altar of Dithmenos.
  4677 | D:5      | Found a faded altar of an unknown god.
  4678 | D:5      | Found a basalt altar of Yredelemnul.
  4835 | D:5      | Found a glowing silver altar of Zin.
  5029 | D:5      | Found a runed translucent door.
  5030 | D:5      | Noticed Crazy Yiuf
  5038 | D:5      | Killed Crazy Yiuf
  5193 | D:6      | Gained mutation: You have very sharp fingernails. [demonic
                  | ancestry]
  5193 | D:6      | Reached XP level 8. HP: 41/60 MP: 8/8
  5262 | D:6      | Found a staircase to the Ecumenical Temple.
  5281 | Temple   | Entered the Ecumenical Temple
  5349 | Temple   | Became a worshipper of Warmaster Okawaru
  5571 | D:5      | Reached skill level 5 in Armour
  5740 | D:6      | Reached skill level 5 in Long Blades
  5740 | D:6      | Reached skill level 5 in Shields
  6386 | D:7      | Noticed a hippogriff
  6401 | D:7      | Killed a hippogriff
  6401 | D:7      | Reached * piety under Okawaru
  6401 | D:7      | Reached skill level 6 in Long Blades
  6401 | D:7      | Reached skill level 1 in Stealth
  6549 | D:7      | Gained mutation: When seriously injured, your bleeding
                  | wounds create very thick armour. (AC +12) [demonic
                  | ancestry]
  6549 | D:7      | Reached XP level 9. HP: 67/67 MP: 9/9
  6581 | D:7      | Found a sparkling altar of Nemelex Xobeh.
  6756 | D:7      | Reached skill level 5 in Fighting
  6836 | D:7      | Found a snail-covered altar of Cheibriados.
  7266 | D:8      | Reached ** piety under Okawaru
  7339 | D:8      | Reached skill level 7 in Long Blades
  7594 | D:8      | Found an ancient bone altar of Kikubaaqudgha.
  7682 | D:8      | Found Soig's Assorted Antiques.
  7692 | D:8      | Bought a pitted scimitar for 261 gold pieces
  7693 | D:8      | Identified the +3 scimitar of Karma {flame, Dex+3} (You
                  | bought it in a shop on level 8 of the Dungeon)
  7760 | D:8      | Reached skill level 1 in Invocations
  7777 | D:8      | Reached *** piety under Okawaru
  7956 | D:8      | Reached skill level 8 in Long Blades
  7968 | D:8      | Found a blossoming altar of Fedhas.
  8094 | D:9      | Gained mutation: You are slightly more attuned to the
                  | shadows. [demonic ancestry]
  8094 | D:9      | Reached XP level 10. HP: 62/76 MP: 10/10
  8368 | D:9      | Reached skill level 9 in Long Blades
  8466 | D:9      | Found an opulent altar of Gozag.
  8623 | D:9      | Reached **** piety under Okawaru
  9187 | D:10     | Entered Level 10 of the Dungeon
  9432 | D:10     | Killed from afar by an orc priest

Levels and vault maps discovered:
D:1:      dpeg_arrival_shrine, layout_basic, minmay_misc_feat_pillars
D:2:      layout_rooms, lemuel_doored_altar, serial_rivers,
          chequers_serial_rivers_micro_b, chequers_serial_rivers_micro_e,
          chequers_serial_rivers_micro_e, chequers_serial_rivers_small_3
D:3:      layout_rooms, marbit_many_paths, overflow_temple_1_default,
          first_ration
D:4:      layout_gridville, lightli_temple_of_fire, minmay_misc_feat_ornament
D:5:      layout_cave_pools, chequers_temple_overflow_minitemple,
          lemuel_round_altar, gup_sewer_entry_glass, uniq_crazy_yiuf_cottage
D:6:      layout_gridville, temple_fountains, kennysheep_generic_room_5
D:7:      layout_loops_ring, lemuel_crystal_altar, lemuel_crystal_altar
D:8:      layout_loops_ring, overflow_temple_1_default, fedhas_altar_4,
          serial_shops, shop, solitary_fountain, grunt_livestock
D:9:      layout_cave_pods, grunt_gozag_breadcrumbs, serial_ice, serial_ice_m,
          serial_ice_a, serial_ice_g, serial_ice_e, kennysheep_cross_bottleneck
D:10:     layout_small_grid, erik_orc_3, hangedman_misty_isle
Temple:   compressed_dpeg_triangle_lava_temple

Skill      XL: |  1  2  3  4  5  6  7  8  9 10 |
---------------+-------------------------------+-----
Armour         | 3 4 5 6 |  6.4
Long Blades    | 2 3 4 6 8 9 |  9.3
Shields        | 3 4 5 6 7 |  7.4
Dodging        | 1 3 |  3.7
Polearms       | 1 |  1.3
Fighting       | 4 6 |  6.6
Stealth        | 1 |  1.0
Invocations    | 1 |  1.1
Axes           | |  0.1

Action                   |  1- 3 |  4- 6 |  7- 9 | 10-12 || total
-------------------------+-------+-------+-------+-------++-------
Melee: Long sword        |   119 |   272 |   583 |       ||   974
       War axe           |    44 |       |       |       ||    44
       Trident           |       |    10 |       |       ||    10
       Scimitar          |       |       |    78 |   165 ||   243
Invok: Heroism           |       |       |     6 |     3 ||     9
  Use: Scroll            |     6 |     1 |     6 |     2 ||    15
       Potion            |     4 |       |     1 |     1 ||     6
  Eat: Chunk             |     3 |     5 |    10 |     1 ||    19
       Ration            |       |     1 |     3 |     1 ||     5
Armor: Scale mail        |   125 |   151 |   164 |       ||   440
       Chain mail        |       |       |   220 |    54 ||   274
       Plate armour      |       |       |       |    42 ||    42
Dodge: Dodged            |    64 |   107 |   191 |    38 ||   400
Block: Shield            |   101 |   165 |   338 |    80 ||   684
       Rpst.: Long sword |    13 |    27 |    61 |       ||   101
       Scimitar          |       |       |     6 |     8 ||    14
